 Dungeon Crawl Stone Soup version 0.31-b1-18-g61460d1e46 (webtiles) character file.

Game seed: 3646148817589213992

7 hawla the Changeling (level 1, 0/24 HPs)
             Began as a Draconian Shapeshifter on Jan 16, 2024.
             Frozen to death by an endoplasm (2 damage)
             ... on level 1 of the Dungeon.
             The game lasted 00:00:51 (120 turns).

hawla the Changeling (Draconian Shapeshifter)        Turns: 120, Time: 00:00:52

Health: 0/24       AC: 20    Str: 16    XL:     1   Next: 91%
Magic:  1/1        EV:  2    Int: 10    God:
Gold:   0          SH:  0    Dex: 10    Spells: 0/0 levels left

rFire   . .          .
                       - Unarmed
rCold   . . .        (no shield)
rNeg    . . .        (body armour unavailable)
rPois   +            (helmet currently unavailable)
rElec   .            (cloak currently unavailable)
rCorr   .            (gloves currently unavailable)
SInv    .            (boots currently unavailable)
Will    +....        (no amulet)
Stlth   +            (no ring)
HPRegen 0.24/turn    (no ring)
MPRegen 0.07/turn

%: no passive effects
@: tree-form, enlightened, slowed, very slow
A: stationary, stasis, torment immunity, boosted hp, AC +4, unfitting armour,
(cold-blooded)
a: no special abilities


You were on level 1 of the Dungeon.
You were a tree.
You visited 1 branch of the dungeon, and saw 1 of its levels.

Inventory:

Talismans
 b - a beast talisman
 c - a flux talisman
Scrolls
 d - a scroll of teleportation {unknown}
 e - a scroll of identify {unknown}


   Skills:
 + Level 1.1 Fighting
 + Level 1.9 Dodging
 + Level 3.1 Unarmed Combat
 * Level 3.2 Shapeshifting


You couldn't memorise any spells.
You didn't know any spells.
Your spell library was empty.

Dungeon Overview and Level Annotations

Branches:
Dungeon (1/15)

Altars:


Innate Abilities, Weirdness & Mutations

You are a tree.
Your roots penetrate the ground, keeping you stationary.
You cannot be teleported.
You are immune to unholy pain and torment.
Your maximum health is greatly increased.
Your equipment is partially melded.
((Your plain brown scales are hard. (AC +4)))
You cannot fit into any form of body armour.
((You are cold-blooded and may be slowed by cold attacks.))


Message History

The quokka twitches its whiskers.
An endoplasm comes into view.
Found a ruby potion.
You barely miss the hobgoblin.
The endoplasm quivers.
The hobgoblin hits you.
You closely miss the hobgoblin. The hobgoblin barely misses you.
You barely miss the hobgoblin. The hobgoblin misses you.
You barely miss the hobgoblin. The hobgoblin hits you.
The endoplasm hits you but does no damage.
You hit the hobgoblin but do no damage.
You tail-slap the hobgoblin, but do no damage.
The hobgoblin hits you. The endoplasm freezes you.
You are frozen.
You feel yourself slow down.
You closely miss the hobgoblin. The hobgoblin barely misses you.
The endoplasm freezes you.
You are frozen.
You feel as though you will be slow longer.
You hit the hobgoblin.
You kill the hobgoblin!
The endoplasm freezes you.
You are frozen.
* * * LOW HITPOINT WARNING * * *
You feel as though you will be slow longer.
The endoplasm freezes you.
You are frozen.
* * * LOW HITPOINT WARNING * * *
The endoplasm misses you.
Your transformation has ended.
You turn into a tree.
Your roots penetrate the ground.
The endoplasm freezes you.
You are frozen.
* * * LOW HITPOINT WARNING * * *
The endoplasm hits you but does no damage.
It was a potion of enlightenment.
Your roots keep you in place.
The endoplasm hits you but does no damage.
The endoplasm freezes you.
You are frozen.
You die...

. ###...###
..##.....####
............#
..[.........#
...[...$....#
....#rK..K###
K..#..###r#
.....# #J#
...## #♣# ...
#.J# .. #....
#......
#........
#........
#......!.
#........


You could see 2 endoplasms, a quokka and a kobold.

Vanquished Creatures
  An endoplasm (D:1)
  A giant cockroach (D:1)
  A goblin (D:1)
  2 hobgoblins (D:1)
  A bat (D:1)
6 creatures vanquished.

Notes
Turn   | Place    | Note
-------+----------+-------------------------------------------
     0 | D:1      | hawla the Draconian Shapeshifter began the quest for the
                  | Orb.
     0 | D:1      | Reached XP level 1. HP: 16/16 MP: 1/1
   120 | D:1      | Frozen to death by an endoplasm

Illustrated notes

Levels and vault maps discovered:
D:1:      saegor_arrival_simple_d, layout_rooms

Action                     || total
---------------------------++-------
  Melee: Unarmed           ||    26
         Tailslap          ||     2
         Punch             ||     1
    Use: Potion            ||     2
 Armour: Skin              ||    13
  Dodge: Dodged            ||    20
